 Dungeon Crawl Stone Soup version 0.22.1-1-ga44c0e56f4 (webtiles) character file.

18 D1HalberdGnoll the Magician (level 2, -7/20 HPs)
             Began as a Demonspawn Wizard on Nov 10, 2018.
             Mangled by an ogre
             ... wielding a cursed +0 giant club
              (27 damage)
             ... on level 2 of the Dungeon.
             The game lasted 00:02:40 (924 turns).

D1HalberdGnoll the Magician (Demonspawn Wizard)      Turns: 924, Time: 00:02:41

Health: -7/20      AC:  2    Str:  7    XL:     2   Next: 48%
Magic:  6/6        EV: 12    Int: 19    God:
Gold:   71         SH:  0    Dex: 11    Spells: 4/7 levels left

rFire    . . .     SeeInvis .   f - +0 mace
rCold    . . .     Gourm    .   (no shield)
rNeg     . . .     Faith    .   a - +0 robe
rPois    .         Spirit   .   b - +0 hat
rElec    .         Reflect  .   (no cloak)
rCorr    .         Harm     .   (no gloves)
MR       .....                  (no boots)
Stlth    ++........             (no amulet)
HPRegen  0.06/turn              (no ring)
MPRegen  0.10/turn              (no ring)

@: no status effects
A: horns 1
a: no special abilities


You were on level 2 of the Dungeon.
You were not hungry.

You visited 1 branch of the dungeon, and saw 2 of its levels.

You collected 71 gold pieces.

Inventory:

Hand Weapons
 f - a +0 mace (weapon)
Armour
 a - a +0 robe (worn)
 b - a +0 hat (worn)
Jewellery
 g - an uncursed amulet of harm {unknown}
 i - an uncursed ring of ice
Potions
 c - 3 potions of heal wounds {unknown}
 e - a potion of lignification {unknown}
Comestibles
 d - 2 rations
 h - a chunk of flesh


   Skills:
 + Level 0.9 Fighting
 - Level 1.7 Dodging
 - Level 1.7 Stealth
 + Level 3.1 Spellcasting
 * Level 2.0 Conjurations
 - Level 1.0 Summonings
   Level 0.8 Translocations


You had 4 spell levels left.
You knew the following spells:

 Your Spells              Type           Power        Failure   Level  Hunger
a - Magic Dart            Conj           ##..         7%          1    None
b - Call Imp              Summ           #.......     16%         2    ##.....

Your spell library contained the following spells:

 Spells                   Type           Power        Failure   Level  Hunger
 Blink                    Tloc           N/A          16%         2    ##.....
 Slow                     Hex            #.......     22%         2    ##.....
 Conjure Flame            Conj/Fire      #.......     30%         3    ###....
 Mephitic Cloud           Conj/Pois/Air  #.......     34%         3    ###....


Dungeon Overview and Level Annotations

Branches:
Dungeon (2/15)

Altars:

Annotations:
D:1 exclusion: downstairs


Innate Abilities, Weirdness & Mutations

You have a pair of small horns on your head.


Message History

Level annotation: exclusion: downstairs
There is a stone staircase leading down here.
You hit the hobgoblin.
You kill the hobgoblin!
Your Conjurations skill increases to level 2!
No target in view!
No target in view!
You see here a hobgoblin corpse.
You butcher the hobgoblin corpse.
Things that are here:
a chunk of flesh; a hobgoblin skeleton You start resting.
HP restored.
h - a chunk of flesh Autopickup is now on.
There is a stone staircase leading down here.
You climb downwards.
The bat closely misses you. x2
The ogre hits you with a giant club!!
Ouch! That really hurt!
You die...

##### #...## .....#
########## #....#
#.....$@b# .....#
#.##.#.#O#
..$.######.##.#.#.####
.#...(.)..K.g........#
..########.###..#.##.#
..# #.###..#.##.# O.#
#......#.##.# .##
#####.##.##.# K#
#.##.##.#


You could see an ogre and a bat.

Vanquished Creatures
  A dart slug (D:1)
  6 goblins
  A hobgoblin (D:1)
  2 bats (D:1)
  2 frilled lizards (D:2)
  A kobold (D:2)
  3 rats
16 creatures vanquished.

Vanquished Creatures (collateral kills)
  A hobgoblin (D:2)
1 creature vanquished.

Grand Total: 17 creatures vanquished

Notes
Turn   | Place    | Note
-------+----------+-------------------------------------------
     0 | D:1      | D1HalberdGnoll the Demonspawn Wizard began the quest for
                  | the Orb.
     0 | D:1      | Reached XP level 1. HP: 13/13 MP: 4/4
   409 | D:1      | Gained mutation: You have a pair of small horns on your
                  | head. [demonic ancestry]
   409 | D:1      | Reached XP level 2. HP: 19/20 MP: 0/6
   587 | D:2      | Learned a level 2 spell: Call Imp
   588 | D:2      | Noticed a sky beast
   770 | D:2      | Noticed an ogre
   924 | D:2      | Mangled by an ogre

Skill      XL: |  1  2 |
---------------+-------+-----
Conjurations   | 2 |  2.0
Fighting       | |  0.9
Dodging        | |  1.7
Stealth        | |  1.7
Spellcasting   | |  3.1
Summonings     | |  1.0
Translocations | |  0.8

Action                   || total
-------------------------++-------
Melee: Mace              ||     7
 Cast: Magic Dart        ||    29
       Call Imp          ||     3
Armor: Robe              ||    14
Dodge: Dodged            ||    20
